Match 46740920
Unlisted

Match 46740920
End
Construct Section Command Post
Vickers Machine Gun Team
Selects Australian Defense Battlegroup
Dingo Light Scout Car
Selects Australian Light Infantry Section
Australian Light Infantry Section
Australian Light Infantry Section
Construct Platoon Command Post
Selects 2-pounder Anti-tank Gun Team
2-pounder Anti-tank Gun Team
Humber Armored Car
Construct Field Infirmary
Angrybirds
Vulpes
帝国大机霸贝克尔少校
Dirkradix
0
0

Comments sign in to comment!

No comments posted yet!